 Dungeon Crawl Stone Soup version 0.21-a0-260-g9b2435e (webtiles) character file.

2597 Kidiri the Skirmisher (level 9, -1/57 HPs)
             Began as a Gargoyle Fighter on Sept 7, 2017.
             Slain by a phantom (2 damage)
             ... on level 7 of the Dungeon.
             The game lasted 00:20:08 (6492 turns).

Kidiri the Skirmisher (Gargoyle Fighter)            Turns: 6492, Time: 00:20:08

Health: -1/57      AC: 12    Str: 22    XL:     9   Next: 59%
Magic:  13/13      EV: 10    Int:  9    God:
Gold:   41         SH: 10    Dex: 12    Spells: 9/13 levels left

rFire    . . .     SeeInvis .   g - -3 mace (curse)
rCold    . . .     Gourm    .   c - +0 shield
rNeg     + . .     Faith    .   z - -1 ring mail (curse)
rPois    ∞         Spirit   .   (no helmet)
rElec    +         Reflect  .   (no cloak)
rCorr    .         Harm     .   s - +0 pair of gloves
MR       .....                  (no boots)
Stlth    +.........             (no amulet)
HPRegen  0.00/turn              (no ring)
MPRegen  0.13/turn              (no ring)

@: drained
A: agile 1, blurry vision 1, negative energy resistance 1, electricity
resistance, inhibited regeneration, unbreathing, petrification resistance, rot
immunity, AC +5
a: no special abilities


You were on level 7 of the Dungeon.
You were full.

You visited 1 branch of the dungeon, and saw 7 of its levels.

You collected 366 gold pieces.
You spent 325 gold pieces at shops.

Inventory:

Hand Weapons
 a - a +0 flail of electrocution
 g - a cursed -3 mace (weapon)
 k - a +1 flail of crushing
Missiles
 h - 186 stones (quivered)
 n - 11 tomahawks
 u - 23 poisoned needles
Armour
 b - a +0 scale mail
 c - a +0 shield (worn)
 s - a +0 pair of gloves (worn)
 z - a cursed -1 ring mail (worn)
Jewellery
 e - an uncursed amulet of magic regeneration
 l - an uncursed amulet of the gourmand
Scrolls
 j - a scroll of amnesia
 q - a scroll of teleportation
Potions
 d - 2 potions of might
 i - 2 potions of curing
 p - a potion of brilliance
 r - a potion of heal wounds
 v - 3 potions of lignification
 w - a potion of berserk rage
 x - a potion of agility {unknown}
 A - 2 potions of flight
 B - a potion of ambrosia
Books
 y - a book of Cantrips

   Spells                             Type                      Level
   a - Confusing Touch                Hexes                        1
   b - Animate Skeleton               Necromancy                   1
   c - Summon Small Mammal            Summoning                    1
   d - Apportation                    Translocation                1
Comestibles
 f - 5 bread rations
 m - 4 fruits
 o - a royal jelly
 t - 2 meat rations


   Skills:
 * Level 7.5(6.9) Fighting
 + Level 4.7(4.1) Maces & Flails
 + Level 5.7(5.1) Armour
 * Level 4.3(3.8) Dodging
 + Level 5.8(5.2) Shields
 * Level 2.9(2.4) Spellcasting
 + Level 1.6(1.1) Hexes
 + Level 2.0(1.5) Summonings
 + Level 1.7(1.2) Necromancy
 + Level 1.8(1.3) Translocations


You had 9 spell levels left.
You knew the following spells:

 Your Spells              Type           Power        Failure   Level  Hunger
a - Animate Skeleton      Necr           N/A          71%         1    ##.....
b - Apportation           Tloc           #.....       71%         1    ##.....
c - Confusing Touch       Hex            #.....       73%         1    ##.....
d - Summon Small Mammal   Summ           #...         67%         1    ##.....


Dungeon Overview and Level Annotations

Branches:
Dungeon (7/15)
 Temple: D:4-7

Altars:
Kikubaaqudgha

Shops:
D:6 !


Innate Abilities, Weirdness & Mutations

You are resistant to torment.
Your stone body is resilient. (AC +5)
You are immune to poison.
You resist negative energy. (rN+)
You are resistant to electric shocks. (rElec)
You can survive without breathing.
You are immune to petrification.
You are immune to rotting.
You are agile. (Dex +2)
Scrolls take you a little longer to read.
You do not regenerate when monsters are visible.


Message History

You hit the phantom.
The phantom is almost destroyed.
You block the phantom's attack.
You closely miss the phantom.
The phantom is almost destroyed.
The phantom completely misses you.
Your shield prevents you from hitting the phantom.
The phantom is almost destroyed.
The phantom blinks!
The phantom blinks!
The phantom hits you but does no damage.
Your ring mail prevents you from hitting the phantom.
The phantom is almost destroyed.
The phantom hits you!
* * * LOW HITPOINT WARNING * * *
You closely miss the phantom.
The phantom is almost destroyed.
The phantom blinks!
The phantom hits you.
You die...

### ..# #.#
#§# #.# #@#
#W# #.# #.#
#.# ## #.#
...<###.#
........###
##.§......#


You could see a phantom.

Vanquished Creatures
  Pikel (D:4)
  The ghost of sveltemanboy the Covered, a novice DsMo (D:5)
  Menkaure (D:6)
  Edmund (D:6)
  A water moccasin (D:6)
  An ice beast (D:6)
  3 slaves (D:4)
  A phantom (D:4)
  A sky beast (D:6)
  An ogre (D:6)
  The ghost of Kidiri the Skirmisher, an amateur DsAK of Lugonu (D:3)
  Blork the orc (D:5)
  2 bullfrogs
  2 scorpions (D:6)
  A howler monkey (D:4)
  A crimson imp (D:5)
  A bullfrog zombie (D:5)
  4 hounds
  2 orc priests
  3 iguanas
  4 orc wizards
  4 worker ants
  A hound skeleton (D:6)
  3 gnolls (D:2)
  A howler monkey skeleton (D:6)
  4 adders (D:3)
  A shadow imp (D:6)
  3 worms
  4 dart slugs
  4 leopard geckos
  18 orcs
  8 bats
  4 giant cockroaches
  9 goblins
  8 hobgoblins
  6 jackals
  2 quokkas (D:3)
  A ball python (D:3)
  4 frilled lizards
  8 kobolds
  A leopard gecko skeleton (D:4)
  A quokka skeleton (D:4)
  7 rats
136 creatures vanquished.

Vanquished Creatures (others)
  A slave (D:4)
  A worker ant (D:4)
  An adder (D:4)
  7 toadstools (D:1)
10 creatures vanquished.

Grand Total: 146 creatures vanquished

Notes
Turn   | Place    | Note
-------+----------+-------------------------------------------
     0 | D:1      | Kidiri the Gargoyle Fighter began the quest for the Orb.
     0 | D:1      | Reached XP level 1. HP: 14/14 MP: 1/1
   106 | D:1      | Reached XP level 2. HP: 18/19 MP: 2/2
   343 | D:1      | Reached XP level 3. HP: 19/24 MP: 3/3
   773 | D:2      | Found an ancient bone altar of Kikubaaqudgha.
   822 | D:2      | Reached skill level 1 in Dodging
   826 | D:2      | Reached skill level 4 in Fighting
   837 | D:2      | Reached XP level 4. HP: 6/29 MP: 4/4
  1645 | D:3      | Reached XP level 5. HP: 11/34 MP: 5/5
  1703 | D:3      | Noticed Kidiri's ghost (amateur DsAK)
  1718 | D:3      | Killed Kidiri's ghost
  1978 | D:3      | Reached XP level 6. HP: 39/39 MP: 6/6
  2541 | D:4      | Reached skill level 5 in Fighting
  2612 | D:4      | Noticed Pikel
  2613 | D:4      | Noticed a slave
  2640 | D:4      | Noticed a slave
  2657 | D:4      | Killed a slave
  2670 | D:4      | Noticed a slave
  2680 | D:4      | Killed Pikel
  2680 | D:4      | Reached skill level 6 in Fighting
  2680 | D:4      | Reached skill level 5 in Armour
  2680 | D:4      | Reached XP level 7. HP: 28/47 MP: 7/7
  2680 | D:4      | Reached XP level 8. HP: 31/52 MP: 8/8
  3001 | D:4      | Reached skill level 5 in Shields
  3158 | D:4      | Learned a level 1 spell: Animate Skeleton
  3686 | D:3      | Learned a level 1 spell: Apportation
  3688 | D:3      | Learned a level 1 spell: Confusing Touch
  3690 | D:3      | Learned a level 1 spell: Summon Small Mammal
  3701 | D:5      | Entered Level 5 of the Dungeon
  3783 | D:5      | Noticed Blork the orc
  3796 | D:5      | Killed Blork the orc
  3796 | D:5      | Reached skill level 1 in Spellcasting
  4036 | D:5      | Noticed sveltemanboy's ghost (novice DsMo)
  4136 | D:5      | Killed sveltemanboy's ghost
  4136 | D:5      | Reached skill level 1 in Summonings
  4136 | D:5      | Reached skill level 1 in Necromancy
  4136 | D:5      | Reached skill level 1 in Translocations
  4592 | D:5      | Reached skill level 7 in Fighting
  4592 | D:5      | Reached skill level 1 in Hexes
  5075 | D:6      | Reached XP level 9. HP: 19/57 MP: 12/12
  5116 | D:6      | HP: 2/57 [hound (2)]
  5624 | D:6      | Gained mutation: Scrolls take you a little longer to read. [mutagenic meat]
  5997 | D:6      | Noticed Menkaure
  6015 | D:6      | Killed Menkaure
  6019 | D:6      | Lost mutation: Scrolls take you a little longer to read. [potion of mutation]
  6019 | D:6      | Gained mutation: You do not regenerate when monsters are visible. [potion of mutation]
  6019 | D:6      | Gained mutation: Scrolls take you a little longer to read. [potion of mutation]
  6019 | D:6      | Gained mutation: You are agile. (Dex +2) [potion of mutation]
  6226 | D:6      | Found Ifyacuz's Distillery.
  6227 | D:6      | Noticed Edmund
  6264 | D:6      | Killed Edmund
  6272 | D:6      | Bought a potion of heal wounds for 65 gold pieces
  6272 | D:6      | Bought a potion of lignification for 39 gold pieces
  6272 | D:6      | Bought a potion of curing for 39 gold pieces
  6272 | D:6      | Bought 2 potions of flight for 78 gold pieces
  6272 | D:6      | Bought a potion of ambrosia for 104 gold pieces
  6490 | D:7      | HP: 1/57 [phantom (7)]
  6492 | D:7      | Slain by a phantom

Vault maps used:
D:1:      nagdon_arrival_zigzag_paths
D:2:      kiku_gazebo_garden_becter
D:4:      first_bread, uniq_pikel
D:5:      uniq_blork_the_orc
D:6:      serial_shops, shop_fountains, uniq_menkaure, uniq_edmund,
          uniq_crazy_yiuf_cottage
D:7:      temple_hall, uniq_prince_ribbit1

Skill      XL: |  1  2  3  4  5  6  7  8  9 |
---------------+----------------------------+-----
Dodging        | 1 3 4 |  4.3
Fighting       | 4 6 7 |  7.5
Armour         | 4 5 |  5.7
Shields        | 4 5 |  5.8
Maces & Flails | 3 4 |  4.7
Spellcasting   | 2 |  2.9
Summonings     | 1 2 |  2.0
Necromancy     | 1 |  1.7
Translocations | 1 |  1.8
Hexes          | 1 |  1.6

Action                   |  1- 3 |  4- 6 |  7- 9 || total
-------------------------+-------+-------+-------++-------
Melee: Flail             |    95 |   273 |   249 ||   617
       Mace              |       |       |   261 ||   261
Throw: Stone             |       |    13 |     4 ||    17
  Use: Scroll            |     2 |     4 |     5 ||    11
       Potion            |       |       |     6 ||     6
  Eat: Chunk             |     5 |    12 |    11 ||    28
Armor: Scale mail        |    63 |   203 |    39 ||   305
       Ring mail         |       |       |   168 ||   168
Dodge: Dodged            |    34 |   136 |   181 ||   351
Block: Shield            |    62 |   163 |   253 ||   478

Table legend:
 A = Spawn XP
 B = Non-spawn XP
 C = Spawn XP percentage of total XP
 D = Spawn monster count
 E = Non-spawn monster count
 F = Spawn count percentage of total count
 G = Total turns spent on level
                    A         B        C        D         E        F      G
               +---------+---------+-------+---------+---------+-------+---------
         Total |       0 |    3711 |   0.0 |       0 |     133 |   0.0 |  6492
               +---------+---------+-------+---------+---------+-------+---------
           D:1 |       0 |      45 |   0.0 |       0 |      25 |   0.0 |   761
           D:2 |       0 |      76 |   0.0 |       0 |      20 |   0.0 |   780
           D:3 |       0 |     257 |   0.0 |       0 |      30 |   0.0 |   981
           D:4 |       0 |    1108 |   0.0 |       0 |      23 |   0.0 |  1181
           D:5 |       0 |     788 |   0.0 |       0 |      12 |   0.0 |  1354
           D:6 |       0 |    1395 |   0.0 |       0 |      21 |   0.0 |  1363
           D:7 |       0 |      42 |   0.0 |       0 |       2 |   0.0 |    72
               +---------+---------+-------+---------+---------+-------+---------
